 Dungeon Crawl Stone Soup version 0.20-a0-351-gc9b4002 (webtiles) character file.

177 ThermosAquaticus the Ruffian (level 5, -1/50 HPs)
             Began as a Troll Monk on Dec 25, 2016.
             Slain by a leopard gecko (3 damage)
             ... on level 3 of the Dungeon.
             The game lasted 00:03:04 (1553 turns).

ThermosAquaticus the Ruffian (Troll Monk)           Turns: 1553, Time: 00:03:05

Health: -1/50      AC:  5    Str: 20    XL:     5   Next: 31%
Magic:  4/4        EV: 10    Int:  6    God:
Gold:   133        SH:  0    Dex: 12    Spells: 4/4 levels left

rFire  . . .     SeeInvis .       - Unarmed
rCold  . . .     Gourm    +     a - +0 robe
rNeg   . . .     Faith    .     (no shield)
rPois  .         Spirit   .     (helmet restricted)
rElec  .         Reflect  .     (no cloak)
rCorr  .         Harm     .     (gloves unavailable)
MR     .....                    (boots unavailable)
Stlth  ++........               (no amulet)
                                (no ring)
                                (no ring)

@: lethally poisoned (-1 -> -3)
A: unfitting armour, claws 3, fast metabolism 3, gourmand, regeneration 1,
shaggy fur 1, tough skin 2
a: no special abilities


You were on level 3 of the Dungeon.
You were very full.

You visited 1 branch of the dungeon, and saw 3 of its levels.

You collected 133 gold pieces.

Inventory:

Missiles
 o - 7 javelins (quivered)
Armour
 a - a +0 robe (worn)
 k - a +0 robe
Scrolls
 d - 2 scrolls of fear {unknown}
 e - 4 scrolls of identify {unknown}
 f - a scroll of blinking {unknown}
 g - a scroll of recharging {unknown}
 h - 2 scrolls of amnesia {unknown}
 i - 4 scrolls of remove curse {unknown}
 l - 3 scrolls of teleportation {unknown}
 m - a scroll of magic mapping {unknown}
Comestibles
 b - 2 bread rations
 c - a fruit
 j - a royal jelly
 n - a beef jerky
 r - a meat ration


   Skills:
 - Level 2.4 Fighting
 - Level 2.4 Dodging
 - Level 1.0 Stealth
 + Level 6.1 Unarmed Combat


You had 4 spell levels left.
You didn't know any spells.

Dungeon Overview and Level Annotations

Branches:
Dungeon (3/15)

Altars:
Gozag
Makhleb


Innate Abilities, Weirdness & Mutations

You are too large for most types of armour.
You have claws for hands.
Your metabolism is lightning-fast.
You like to eat raw meat.
Your natural rate of healing is unusually fast.
You are covered in fur. (AC +1)
You have very tough skin. (AC +2)


Message History

You scratch the orc priest but do no damage.
The orc priest is severely wounded.
You feel sick. The adder bites you but does no damage.
The orc priest misses you.
The jackal bites you but does no damage.
The leopard gecko barely misses you.
A rat comes into view.
Unknown command.
You claw the orc priest!
You kill the orc priest!
Your Unarmed Combat skill increases to level 6!
The orc hits you but does no damage. The adder barely misses you.
The jackal closely misses you. The leopard gecko bites you.
* * * LOW HITPOINT WARNING * * *
Unknown command.
You feel sick. The adder bites you.
* * * LOW HITPOINT WARNING * * *
You are lethally poisoned!
The adder poisons you! The orc barely misses you. The leopard gecko bites you.
You die...

... .# .# ..#.
.## .## .....##
........ .......
........ .......
.#......
....(..##..$.....
..........?....?.
.......S@#...?...
....w.lohlr...>..
.......r#.b......
........####>.r..
........# .#.<
......... .#
......... #
.......%.s
.##....$..


You could see a worm, an adder, an orc, a leopard gecko, a jackal, a bat, a
frilled lizard and 3 rats.

Vanquished Creatures
  3 orc priests (D:3)
  3 gnolls (D:2)
  An adder (D:2)
  A worm (D:2)
  3 dart slugs
  3 leopard geckos
  2 ball pythons (D:2)
  3 giant cockroaches
  6 goblins
  2 hobgoblins
  A jackal (D:3)
  5 bats
  3 frilled lizards
  7 kobolds
  2 rats (D:1)
45 creatures vanquished.

Notes
Turn   | Place    | Note
-------+----------+-------------------------------------------
     0 | D:1      | ThermosAquaticus the Troll Monk began the quest for the Orb.
     0 | D:1      | Reached XP level 1. HP: 22/22 MP: 0/0
   107 | D:1      | Reached XP level 2. HP: 21/29 MP: 1/1
   280 | D:1      | Reached skill level 4 in Unarmed Combat
   789 | D:1      | Reached XP level 3. HP: 36/36 MP: 2/2
   876 | D:2      | Found a burning altar of Makhleb.
  1114 | D:2      | Found an opulent altar of Gozag.
  1182 | D:2      | Reached skill level 5 in Unarmed Combat
  1182 | D:2      | Reached XP level 4. HP: 39/44 MP: 3/3
  1491 | D:2      | Found a faded altar of an unknown god.
  1540 | D:3      | Reached XP level 5. HP: 24/50 MP: 4/4
  1552 | D:3      | Reached skill level 6 in Unarmed Combat
  1553 | D:3      | HP: 2/50 [adder (2)]
  1553 | D:3      | Slain by a leopard gecko

Vault maps used:
D:1:      minmay_arrival_diagonal_passages, hex_large
D:2:      old_standard_altar, chequers_ecumenical_altar_twisty,
          grunt_gozag_statues
D:3:      led_sif_pool, first_bread

Skill      XL: |  1  2  3  4  5 |
---------------+----------------+-----
Unarmed Combat | 4 5 6 |  6.1
Fighting       | |  2.4
Dodging        | |  2.4
Stealth        | |  1.0

Action                   |  1- 3 |  4- 6 || total
-------------------------+-------+-------++-------
Melee: Unarmed           |    82 |    32 ||   114
       Punch             |       |     2 ||     2
  Use: Potion            |       |     2 ||     2
 Stab: Sleeping          |     4 |       ||     4
  Eat: Chunk             |    16 |     3 ||    19
Armor: Robe              |    22 |    23 ||    45
Dodge: Dodged            |    39 |    38 ||    77
